 Dungeon Crawl Stone Soup version 0.28-a0-233-gb8ca4b6547 (webtiles) character file.

Game seed: 13829643252292283429

332 Archison the Magician (level 6, 0/28 HPs)
             Began as a Spriggan Conjurer on Aug 22, 2021.
             Was an Initiate of Gozag.
             Slain by a killer bee (9 damage)
             ... on level 5 of the Dungeon.
             The game lasted 00:08:41 (4642 turns).

Archison the Magician (Spriggan Conjurer)           Turns: 4642, Time: 00:08:41

Health: 0/28       AC:  2    Str:  3    XL:     6   Next: 26%
Magic:  7/14       EV: 17    Int: 22    God:    Gozag
Gold:   91         SH:  0    Dex: 13    Spells: 14/15 levels left

rFire   . . .      SeeInvis +   o - +0 dagger
rCold   . . .      Faith    .   (shield restricted)
rNeg    . . .      Spirit   .   p - +0 robe
rPois   .          Reflect  .   (helmet restricted)
rElec   .          Harm     .   (no cloak)
rCorr   .          Rampage  .   (gloves unavailable)
Will    +....                   (boots unavailable)
Stlth   +++.......              (no amulet)
HPRegen 0.09/turn               (no ring)
MPRegen 0.14/turn               (no ring)

@: gold aura, very quick
A: very small, no large weapons, unfitting armour, see invisible, speed 3
a: Renounce Religion, Potion Petition, Call Merchant, Bribe Branch


You were on level 5 of the Dungeon.
You worshipped Gozag.
Gozag was noncommittal.
You visited 1 branch of the dungeon, and saw 5 of its levels.

You collected 136 gold pieces.
You paid 45 gold pieces to Gozag.

Inventory:

Hand Weapons
 o - a +0 dagger (weapon)
Armour
 p - a +0 robe (worn)
Wands
 n - a wand of polymorph (11)
Scrolls
 b - 3 scrolls of identify {unknown}
 c - a scroll of amnesia {unknown}
 e - a scroll of enchant weapon {unknown}
 f - 2 scrolls of immolation {unknown}
 g - a scroll of magic mapping {unknown}
 h - 2 scrolls of teleportation {unknown}
 i - a scroll of torment {unknown}
 l - a scroll of blinking {unknown}
 m - 3 scrolls of vulnerability {unknown}
Potions
 a - a potion of curing
 d - 2 potions of brilliance {unknown}
 j - a potion of attraction {unknown}
 k - a potion of invisibility {unknown}


   Skills:
 + Level 0.1 Fighting
 + Level 0.1 Short Blades
 + Level 3.4 Dodging
 + Level 4.3 Stealth
 + Level 5.0 Spellcasting
 + Level 4.6 Conjurations


You had 14 spell levels left.
You knew the following spells:

 Your Spells              Type           Power      Damage    Failure   Level
a - Magic Dart            Conj           100%       1d8       1%          1

Your spell library contained the following spells:

 Spells                   Type           Power      Damage    Failure   Level
 Searing Ray              Conj           50%        3d5       2%          2
 Dazzling Flash           Conj/Hex       30%        N/A       12%         3
 Fulminant Prism          Conj/Hex       7%         3d7       36%         4
 Iskenderun's Mystic Bla  Conj/Tloc      15%        2d5       36%         4


Dungeon Overview and Level Annotations

Branches:
Dungeon (5/15)
 Temple: D:4-7

Altars:
Dithmenos
Gozag
Nemelex Xobeh
Uskayaw


Innate Abilities, Weirdness & Mutations

You are very small and have problems with some larger weapons.
You are too small for most types of armour.
You have supernaturally acute eyesight. (SInv)
You cover ground extremely quickly. (Speed+++)


Message History

Aim: a hound (severely wounded, 100% to hit)
The magic dart hits the hound.
You kill the hound!
The killer bee stings you.
Your Spellcasting skill increases to level 5!
Unknown command.
Casting: Magic Dart (safe; 1% risk of failure)
Confirm with . or Enter, or press ? or * to list all spells.
Aiming: Magic Dart (safe; 1% risk of failure)
Press: ? - help, Shift-Dir - straight line, f - killer bee
Aim: a killer bee (100% to hit)
The magic dart hits the killer bee!
The killer bee is heavily wounded.
The killer bee barely misses you. The killer bee closely misses you.
Casting: Magic Dart (safe; 1% risk of failure)
Confirm with . or Enter, or press ? or * to list all spells.
Aiming: Magic Dart (safe; 1% risk of failure)
Press: ? - help, Shift-Dir - straight line, f/p - killer bee
Aim: a killer bee (heavily wounded, 100% to hit)
The magic dart hits the killer bee.
The killer bee is severely wounded.
The killer bee stings you! The killer bee closely misses you.
Casting: Magic Dart (safe; 1% risk of failure)
Confirm with . or Enter, or press ? or * to list all spells.
Aiming: Magic Dart (safe; 1% risk of failure)
Press: ? - help, Shift-Dir - straight line, f/p - killer bee
Aim: a killer bee (severely wounded, 100% to hit)
The magic dart hits the killer bee.
The killer bee is almost dead.
The killer bee stings you.
* * * LOW HITPOINT WARNING * * *
The killer bee barely misses you. The killer bee misses you.
The ogre is distracted by your dazzling golden aura.
There is a stone staircase leading down here.
You can't go up here!
You hear the slow hiss of a very distant avalanche of sand.
The killer bee barely misses you. The killer bee stings you!
You die...
Your body crumbles into a pile of gold.

.#..h#....#
.#O..#.#...#
#...#...#..#
...D......#
..#...#....#
?#...#?#.O.######
#...#...#...W.@.#
...........Doy..#
.#######........#
#........#######
.<#####<## #..#
#####.## #......#
#......#


You could see an orc warrior, a phantom, an acid dragon, an ogre (unaware) and a
killer bee.

Vanquished Creatures
  A scorpion (D:3)
  A hound (D:5)
  A bullfrog zombie (D:5)
  Jessica (D:3)
  Natasha (thrice) (D:3)
  4 adders
  A gnoll (D:3)
  2 dart slugs (D:1)
  2 orcs
  10 endoplasms
  A giant cockroach (D:1)
  2 goblins (D:1)
  4 hobgoblins
  5 jackals (D:1)
  2 kobolds
  3 quokkas
  12 ball pythons
  2 bats (D:1)
  3 frilled lizards
  4 rats
64 creatures vanquished.

Vanquished Creatures (others)
  13 plants (D:2)
13 creatures vanquished.

Grand Total: 77 creatures vanquished

Notes
Turn   | Place    | Note
-------+----------+-------------------------------------------
     0 | D:1      | Archison the Spriggan Conjurer began the quest for the Orb.
     0 | D:1      | Reached XP level 1. HP: 9/9 MP: 5/5
   291 | D:1      | Reached XP level 2. HP: 7/13 MP: 3/6
   733 | D:1      | You fall into a shaft and drop 1 floor!
   939 | D:2      | Reached XP level 3. HP: 16/16 MP: 2/8
  1508 | D:2      | Found a faded altar of an unknown god.
  1900 | D:1      | Reached skill level 3 in Spellcasting
  2184 | D:3      | Found a shadowy altar of Dithmenos.
  2184 | D:3      | Noticed a +0 short sword
  2185 | D:3      | Noticed a +0 short sword
  2185 | D:3      | Noticed a +0 falchion
  2185 | D:3      | Noticed a +0 spear
  2185 | D:3      | Noticed a +0 dagger
  2185 | D:3      | Noticed a +0 falchion
  2187 | D:3      | Noticed a +0 dagger
  2187 | D:3      | Noticed a +0 spear
  2188 | D:3      | Found a hide-covered altar of Uskayaw.
  2222 | D:3      | Noticed Natasha
  2259 | D:3      | Killed Natasha
  2260 | D:3      | Reached XP level 4. HP: 19/21 MP: 2/10
  2694 | D:3      | Noticed Natasha
  2700 | D:3      | Killed Natasha
  2803 | D:3      | Found an opulent altar of Gozag.
  3037 | D:3      | Noticed Natasha
  3071 | D:3      | Killed Natasha
  3072 | D:3      | Reached XP level 5. HP: 13/24 MP: 5/11
  3243 | D:3      | Noticed Jessica
  3296 | D:3      | Killed Jessica
  3422 | D:3      | Reached skill level 4 in Spellcasting
  3938 | D:3      | Found a sparkling altar of Nemelex Xobeh.
  4116 | D:3      | Became a worshipper of Gozag Ym Sagoz the Greedy
  4239 | D:3      | Reached XP level 6. HP: 8/28 MP: 3/14
  4535 | D:5      | Entered Level 5 of the Dungeon
  4627 | D:5      | Noticed an acid dragon
  4631 | D:5      | Noticed an orc warrior
  4638 | D:5      | Reached skill level 5 in Spellcasting
  4642 | D:5      | Slain by a killer bee

Illustrated notes

Levels and vault maps discovered:
D:1:      dpeg_arrival_tiny_h, layout_basic, solitary_fountain,
          chequers_serial_rivers_micro_c, palyth_stone_intersect,
          minmay_tetromino_l2
D:2:      layout_basic, dilly_ecumenical_altar_fadedgnrine,
          ebering_dispersal_statue_hall, serial_bayou_pond_e
D:3:      layout_basic, grunt_gozag_breadcrumbs, nemelex_dance_club_becter,
          overflow_temple_1_default, nicolae_uskayaw_en_pointe, uniq_natasha,
          uniq_jessica
D:4:      layout_basic, general_overflow_altar,
          gammafunk_temple_overflow_statue, st_stairs_6, grunt_ministairs_1,
          hangedman_decor_growths, minmay_strange_pillars
D:5:      cheibrodos_fzero, layout_rooms, nicolae_ossuary_entry_monument,
          kennysheep_generic_room_16

Skill      XL: |  1  2  3  4  5  6 |
---------------+-------------------+-----
Conjurations   | 3 4 |  4.6
Spellcasting   | 3 4 5 |  5.0
Dodging        | 3 |  3.4
Stealth        | 4 |  4.3
Fighting       | |  0.1
Short Blades   | |  0.1

Action                   |  1- 3 |  4- 6 || total
-------------------------+-------+-------++-------
Melee: Unarmed           |     8 |       ||     8
       Dagger            |       |     7 ||     7
 Cast: Magic Dart        |    90 |    94 ||   184
  Use: Potion            |     2 |     1 ||     3
       Scroll            |     1 |       ||     1
Armor: Robe              |     1 |     2 ||     3
Dodge: Dodged            |    14 |    35 ||    49

Table legend: (Time is in decaauts)
 A = Elapsed time spent in this place.
 B = Non-inter-level travel time spent in this place.
 C = Inter-level travel time spent in this place.
 D = Time resting spent in this place.
 E = Time spent auto-exploring this place.
 F = Levels seen in this place.
 G = Mean time per level.
                   A        B        C        D        E       F      G
               +--------+--------+--------+--------+--------+-----+--------+
         Total |   3759 |   3695 |     64 |   1236 |   1792 |   5 |  751.8 |
       Dungeon |   3759 |   3695 |     64 |   1236 |   1792 |   5 |  751.8 |
               +--------+--------+--------+--------+--------+-----+--------+

Top non-repeatable levels by time:
     D:3: 1570 daAuts
     D:2: 1024 daAuts
     D:1: 992 daAuts
     D:5: 99 daAuts
     D:4: 73 daAuts
